AoeStats
← Ethan

Baltic

510523478Analyzed
2v2 RM · 1d ago on Oct 1, 2026· 38m 28s· 4 players
Game mode
Random Map
Map size
Medium (4 player)
Population
200
Speed
Normal
Resources
Standard
Victory
Conquest
Starting age
Dark Age
Ending age
Imperial Age
RankedLock teamsTeams togetherTeam positionsShared explorationLock speedFull tech treeHidden civsTurbo modeCheats
Victory
Defeat
🇨🇳 Persians · China
1219
+15
🇩🇪 Malians · Germany
1208
+16
🇩🇪 Huns · Germany
1251
-17
🇳🇿 Burgundians · New Zealand
1163
-14
Magic Beam
2:26 Loom
10:45 Feudal Age
12:50 Scale Mail Armor
12:15 Man-at-Arms
18:56 Castle Age
19:59 Chain Mail Armor
19:52 Squires
19:54 Long Swordsman
28:53 Town Watch
30:11 Double-Bit Axe
36:02 Wheelbarrow
Ethan
2:38 Loom
11:31 Feudal Age
11:57 Double-Bit Axe
19:11 Castle Age
17:49 Wheelbarrow
17:10 Horse Collar
17:38 Fishing Lines
19:51 Medium Warships
20:20 Bow Saw
22:46 Hand Cart
22:33 Heavy Plow
22:50 Gillnets
27:24 Forging
27:20 Scale Barding Armor
29:24 Iron Casting
28:54 Husbandry
29:04 Bloodlines
30:16 Chain Barding Armor
Han.
8:46 Loom
11:19 Feudal Age
15:14 Castle Age
14:52 Horse Collar
14:58 Double-Bit Axe
15:05 Gold Mining
16:10 Heavy Plow
18:29 Town Watch
19:01 Fletching
21:00 Padded Archer Armor
23:19 Gold Shaft Mining
26:05 Bloodlines
27:28 Wheelbarrow
27:28 Husbandry
33:13 Bodkin Arrow
33:35 Leather Archer Armor
33:50 Scale Barding Armor
35:38 Ballistics
36:02 Thumb Ring
Bongo12
3:34 Double-Bit Axe
12:42 Feudal Age
14:41 Bow Saw
16:16 Loom
17:58 Fletching
21:13 Castle Age
20:12 Horse Collar
21:26 Arson
22:03 Bodkin Arrow
21:32 Crossbowman
28:51 Town Watch
30:38 Scale Barding Armor
33:25 Cavalier
Connection lost

Rejoining the realm…

Still unreachable

The connection could not be restored.

Session expired

The server has moved on; the page needs a fresh start.